 Dungeon Crawl Stone Soup version 0.27.0-1-g7a089689b8 (webtiles) character file.

Game seed: 1796451975524707336

22 pkoi the Slasher (level 2, -1/27 HPs)
             Began as a Minotaur Monk on Aug 3, 2021.
             Slain by Sigmund (3 damage)
             ... on level 2 of the Dungeon.
             The game lasted 00:01:03 (1088 turns).

pkoi the Slasher (Minotaur Monk)                    Turns: 1088, Time: 00:01:04

Health: -1/27      AC:  9    Str: 15    XL:     2   Next: 68%
Magic:  1/1        EV:  7    Int:  7    God:
Gold:   47         SH:  0    Dex: 12    Spells: 1/1 levels left

rFire    . . .     SeeInvis .   a - +0 falchion
rCold    . . .     Faith    .   (no shield)
rNeg     . . .     Spirit   .   d - +0 chain mail
rPois    .         Reflect  .   (helmet restricted)
rElec    .         Harm     .   (no cloak)
rCorr    .         Rampage  .   h - +0 pair of gloves
Will     .....                  (no boots)
Stlth    ..........             (no amulet)
HPRegen  0.09/turn              (no ring)
MPRegen  0.07/turn              (no ring)

@: no status effects
A: horns 2, retaliatory headbutt
a: no special abilities


You were on level 2 of the Dungeon.
You visited 1 branch of the dungeon, and saw 2 of its levels.

You collected 47 gold pieces.

Inventory:

Hand Weapons
 a - a +0 falchion (weapon)
Missiles
 e - 5 boomerangs (quivered)
Armour
 d - a +0 chain mail (worn)
 h - a +0 pair of gloves (worn)
Scrolls
 b - a scroll of blinking {unknown}
 f - a scroll of identify
 j - a scroll of vulnerability {unknown}
Potions
 c - a potion of lignification
 g - a potion of berserk rage {unknown}
 i - 2 potions of attraction {unknown}


   Skills:
 + Level 3.9 Fighting
 * Level 4.1 Long Blades
 + Level 1.1 Armour
 + Level 3.5 Dodging
 - Level 1.5 Stealth


You had one spell level left.
You didn't know any spells.
Your spell library was empty.

Dungeon Overview and Level Annotations

Branches:
Dungeon (2/15)

Altars:
Fedhas

Shops:
D:2 *

Annotations:
D:2 Sigmund


Innate Abilities, Weirdness & Mutations

You have a pair of horns on your head.
You reflexively headbutt those who attack you in melee.


Message History

Sigmund is nearby!
You closely miss Sigmund. Your headbutt misses Sigmund.
Sigmund flickers, as though insubstantial.
Sigmund gestures at you while chanting. The puff of flame hits you.
You hit Sigmund.
Sigmund is lightly wounded.
Sigmund hits you but does no damage.
You barely miss Sigmund.
Sigmund is lightly wounded.
Sigmund barely misses you. You furiously retaliate!
You headbutt Sigmund.
You riposte.
You hit Sigmund but do no damage.
Sigmund is lightly wounded.
You closely miss Sigmund. You headbutt Sigmund!
Sigmund is heavily wounded.
Sigmund completely misses you.
You riposte.
You hit Sigmund.
Sigmund is heavily wounded.
Sigmund completely misses you.
You hit Sigmund but do no damage.
Sigmund is heavily wounded.
Sigmund hits you with a +0 scythe.
You closely miss Sigmund. Your headbutt misses Sigmund.
Sigmund is heavily wounded.
Sigmund gestures at you while chanting.
You are confused.
Sigmund points at you and mumbles some strange words.
You resist with significant effort.
You bump into the rock wall.
Sigmund hits you from afar with a +0 scythe!
You bump into the rock wall.
Sigmund casts a spell at you.
The magic dart hits you but does no damage.
You bump into the rock wall.
Sigmund zaps a wand.
The puff of flame hits you!
* * * LOW HITPOINT WARNING * * *
You bump into the rock wall.
You feel less confused. Sigmund completely misses you.
Unknown command.
Sigmund hits you with a +0 scythe.
You die...

.## # # #. #.
..### ... ##
#.######.##
####### #.#
##@@......#
.......
#.###.######..#
#######
#.#.#######
#.........
#.#######. #.#
###(# #...#
#.###


You could see Sigmund.

Vanquished Creatures
  A dart slug (D:1)
  A ball python (D:1)
  2 bats
  An endoplasm (D:2)
  3 hobgoblins (D:1)
  A kobold (D:1)
  2 quokkas (D:1)
  2 frilled lizards
  3 goblins (D:1)
  2 rats
18 creatures vanquished.

Notes
Turn   | Place    | Note
-------+----------+-------------------------------------------
     0 | D:1      | pkoi the Minotaur Monk began the quest for the Orb.
     0 | D:1      | Reached XP level 1. HP: 19/19 MP: 0/0
   504 | D:1      | Reached XP level 2. HP: 27/27 MP: 1/1
   514 | D:1      | Reached skill level 4 in Long Blades
   581 | D:1      | Reached skill level 1 in Armour
   979 | D:2      | Found a blossoming altar of Fedhas.
  1029 | D:2      | Found Oquy's General Store.
  1075 | D:2      | Noticed Sigmund
  1088 | D:2      | Slain by Sigmund

Illustrated notes

Levels and vault maps discovered:
D:1:      minmay_arrival_arboretum_small, layout_loops_ring, serial_glass,
          glass_columns_a, glass_columns_c, due_unseen_surprise,
          item_on_display_a, feat_on_display
D:2:      layout_loops_ring, basic_altar, serial_shops, shop_statue, shop,
          uniq_sigmund

Skill      XL: |  1  2 |
---------------+-------+-----
Long Blades    | 4 |  4.1
Armour         | 1 |  1.1
Fighting       | |  3.9
Dodging        | |  3.5
Stealth        | |  1.5

Action                   || total
-------------------------++-------
Melee: Falchion          ||    45
       Headbutt          ||     3
  Use: Scroll            ||     2
Armor: Chain mail        ||    23
Dodge: Dodged            ||    18
       Rpst.: Falchion   ||     5
